 Dungeon Crawl Stone Soup version 0.28-a0-1412-gf95308ed99 (webtiles) character file.

Game seed: 7885062260244565367

28 HallandMoats the Vandal (level 3, 30/30 HPs)
             Began as a Ghoul Hunter on Jan 6, 2022.
             Was an Initiate of Ru.
             Safely got out of the dungeon.
             The game lasted 00:01:37 (863 turns).

HallandMoats the Vandal (Ghoul Hunter)               Turns: 863, Time: 00:01:37

Health: 30/30      AC:  3    Str: 15    XL:     3   Next: 12%
Magic:  2/2        EV: 11    Int:  6    God:    Ru [......]
Gold:   41         SH:  0    Dex: 11    Spells: 2/2 levels left

rFire   . . .      SeeInvis .   b - +0 short sword
rCold   + . .      Faith    .   (no shield)
rNeg    + + +      Spirit   .   c - +0 leather armour
rPois   ∞          Reflect  .   (no helmet)
rElec   .          Harm     .   (no cloak)
rCorr   .          Rampage  .   (no gloves)
Will    .....                   (no boots)
Stlth   +.........              (no amulet)
HPRegen 0.10/turn               (no ring)
MPRegen 0.08/turn               (no ring)

@: no status effects
A: claws 1, cold resistance 1, negative energy resistance 3, inhibited
regeneration, torment resistance 2
a: Renounce Religion, Sacrifice Courage, Sacrifice Purity, Sacrifice Artifice,
Reject Sacrifices


You escaped.
You worshipped Ru.
Ru was noncommittal.
You visited 1 branch of the dungeon, and saw 1 of its levels.

You collected 41 gold pieces.

Inventory:

Hand Weapons
 a - a +1 hunting sling
 b - a +0 short sword (weapon)
Missiles
 d - 17 sling bullets
 g - 4 stones (quivered)
Armour
 c - a +0 leather armour (worn)
Jewellery
 i - an amulet of guardian spirit
Scrolls
 e - 2 scrolls of brand weapon {unknown}
 f - a scroll of fear {unknown}
Potions
 h - a potion of cancellation {unknown}
 j - a potion of invisibility {unknown}


   Skills:
 + Level 2.5 Fighting
 + Level 3.8 Slings
 + Level 0.7 Armour
 + Level 2.1 Dodging
 + Level 1.8 Stealth


You had 2 spell levels left.
You didn't know any spells.
Your spell library was empty.

Dungeon Overview and Level Annotations

Branches:
Dungeon (1/15)

Altars:
Ru


Innate Abilities, Weirdness & Mutations

You thrive by killing the living.
You are immune to poison.
You have sharp fingernails.
Your flesh is cold resistant. (rC+)
You are immune to negative energy. (rN+++)
You do not regenerate when monsters are visible.
You are immune to unholy pain and torment.


Message History

The quokka is severely wounded.
The quokka bites you.
A quokka is nearby!
You hit the quokka.
You kill the quokka!
You feel better.
Found a stone staircase leading down.
No target in view!
You see here a +0 dagger.
Key pressed, stopping explore.
No target in view!
There is an open gate here.
j - a glowing pink potion No target in view!
Done exploring.
No target in view!
Done exploring.
No target in view!
Done exploring.
No target in view!
Done exploring.
No target in view!
Done exploring.
No target in view!
Search for what [? for help]? altar
There is an open gate here.
You open the door.
There is an open door here.
There is a faded altar of an unknown god here.
You cannot tell which god this altar belongs to.
Convert to them anyway?
Ru accepts your prayer! Ru welcomes you!
Ru believes you are ready to make a new sacrifice.
(D) Dungeon
Where to? (Enter - D:1 @ (x,y), ? - help)
There is an open door here.
There is an open gate here.
There is a staircase leading out of the dungeon here.
Are you sure you want to leave the Dungeon?
This will make you lose the game!
You have escaped!

#..♣♣ #...♣♣ #....♣
### ##...[♣♣ ..#
##......♣
..#########.......♣
.........#8..8..8.♣
..######.'........♣♣
..# #.'......@..♣
..# #.'........♣♣
..# ###8..8..8.♣ ###
##......♣♣ ##.....♣
##...♣♣ #...♣ #...♣
#...♣


There were no monsters in sight!

Vanquished Creatures
  A dart slug (D:1)
  4 ball pythons (D:1)
  2 endoplasms (D:1)
  A giant cockroach (D:1)
  2 goblins (D:1)
  A hobgoblin (D:1)
  4 kobolds (D:1)
  2 quokkas (D:1)
  A bat (D:1)
  6 frilled lizards (D:1)
  A rat (D:1)
25 creatures vanquished.

Notes
Turn   | Place    | Note
-------+----------+-------------------------------------------
     0 | D:1      | HallandMoats the Ghoul Hunter began the quest for the Orb.
     0 | D:1      | Reached XP level 1. HP: 17/17 MP: 0/0
    94 | D:1      | Reached XP level 2. HP: 22/25 MP: 1/1
   412 | D:1      | Reached XP level 3. HP: 17/30 MP: 2/2
   535 | D:1      | Found a faded altar of an unknown god.
   798 | D:1      | Prayed at the altar of an unknown god.
   798 | D:1      | Became a worshipper of Ru the Awakened
   863 | D:$      | Safely got out of the dungeon.

Illustrated notes

Levels and vault maps discovered:
D:1:      kennysheep_arrival_forest, layout_basic,
          hellmonk_ecumenical_altar_run_dry

Skill      XL: |  1  2 |
---------------+-------+-----
Dodging        | 2 |  2.1
Fighting       | |  2.5
Slings         | |  3.8
Armour         | |  0.7
Stealth        | |  1.8

Action                   || total
-------------------------++-------
Melee: Short sword       ||    58
       Punch             ||     1
 Fire: Hunting sling     ||    30
Armor: Leather armour    ||    18
Dodge: Dodged            ||    33

Table legend: (Time is in decaauts)
 A = Elapsed time spent in this place.
 B = Non-inter-level travel time spent in this place.
 C = Inter-level travel time spent in this place.
 D = Time resting spent in this place.
 E = Time spent auto-exploring this place.
 F = Levels seen in this place.
 G = Mean time per level.
                   A        B        C        D        E       F      G
               +--------+--------+--------+--------+--------+-----+--------+
         Total |    868 |    741 |    127 |      0 |    582 |   1 |  868.0 |
       Dungeon |    868 |    741 |    127 |      0 |    582 |   1 |  868.0 |
               +--------+--------+--------+--------+--------+-----+--------+

Top non-repeatable levels by time:
     D:1: 868 daAuts
